 Dungeon Crawl Stone Soup version 0.31.0-9-g3a7656b989 (webtiles) character file.

Game seed: 11358963442279272260

12040 Doomgape the Basher (level 11, -1/103 HPs)
             Began as a Gargoyle Berserker on Feb 1, 2024.
             Was an Elder of Trog.
             Slain by a two-headed ogre
             ... wielding a +0 giant club
              (14 damage)
             ... on level 10 of the Dungeon.
             The game lasted 00:39:38 (9337 turns).

Doomgape the Basher (Gargoyle Berserker)            Turns: 9337, Time: 00:39:39

Health: -1/103     AC: 31    Str: 31    XL:     11   Next: 87%
Magic:  11/11      EV:  8    Int: 11    God:    Trog [****..]
Gold:   506        SH:  0    Dex:  9    Spells: 10/10 levels left

rFire   . . .        D - +5 scythe "Finisher" {speed, execute}
rCold   . . .        (shield currently unavailable)
rNeg    + . .        A - +0 plate armour
rPois   ∞            B - +1 hat {Int+3}
rElec   +            (no cloak)
rCorr   .            (no gloves)
SInv    .            q - +2 pair of boots
Will    ++...        (no amulet) Stlth
                     g - +4 ring of protection
HPRegen 1.37/turn    b - +6 ring of strength
MPRegen 0.12/turn

%: no passive effects
@: berserking, strong-willed, regenerating, very quick
A: sickness immunity, AC +8, negative energy resistance 1, electricity
resistance, torment resistance 1, petrification resistance
a: Renounce Religion, Berserk, Trog's Hand, Brothers in Arms


You were on level 10 of the Dungeon.
You worshipped Trog.
Trog was greatly pleased with you.
You visited 2 branches of the dungeon, and saw 11 of its levels.

You collected 566 gold pieces.
You spent 60 gold pieces at shops.

Inventory:

Hand Weapons
 a - a +1 mace of flaming
 D - the +5 scythe "Finisher" (weapon) {speed, execute}
   (You found it on level 9 of the Dungeon)
 E - a +0 morningstar
Missiles
 C - 4 silver javelins (quivered)
Armour
 f - a +1 buckler of fire resistance
 k - a +2 helmet
 q - a +2 pair of boots (worn)
 A - a +0 plate armour (worn)
 B - a +1 hat of intelligence (worn)
Jewellery
 b - a +6 ring of strength (right hand)
 g - a +4 ring of protection (left hand)
 r - a ring of resist corrosion
 z - a ring of ice
Wands
 s - a wand of flame (42)
 u - a wand of iceblast (5)
 y - a wand of charming (18)
 G - a wand of quicksilver (4)
Scrolls
 j - a scroll of identify
 l - 2 scrolls of immolation
 x - 2 scrolls of revelation
 F - a scroll of enchant weapon
 H - 2 scrolls of poison
Potions
 c - a potion of might
 d - 2 potions of enlightenment
 e - 2 potions of ambrosia
 h - 2 potions of cancellation
 i - a potion of attraction
 m - 2 potions of curing
 p - 2 potions of heal wounds
 t - a potion of resistance
Miscellaneous
 n - a phantom mirror


   Skills:
 - Level 8.8 Fighting
 - Level 11.0 Maces & Flails
 + Level 4.7 Polearms
 - Level 10.5 Armour
 - Level 1.6 Dodging
 - Level 5.7 Shields
 + Level 5.2 Evocations


You had 10 spell levels left.
You didn't know any spells.
Your spell library was empty.

Dungeon Overview and Level Annotations

Branches:
Dungeon (10/15)            Temple (1/1) D:5            Lair (0/5) D:9
    Orc: D:9-12

Altars:
Ashenzari
Cheibriados
Dithmenos
Elyvilon
Fedhas
Gozag
Hepliaklqana
Kikubaaqudgha
Makhleb
Nemelex Xobeh
Okawaru
Qazlal
Ru
Sif Muna
Trog
Uskayaw
Vehumet
Wu Jian
Xom
Yredelemnul
Zin
The Shining One

Shops:
D:6 ?

Annotations:
D:7 2 transporters, Prykner's ghost, novice MfGl


Innate Abilities, Weirdness & Mutations

You are immune to sickness and miasma.
Your stone body is resilient. (AC +8)
You are immune to poison.
You resist negative energy. (rN+)
You are resistant to electric shocks. (rElec)
You are resistant to unholy torment.
You are immune to petrification.


Message History

The ten-headed hydra closely misses you.
The ten-headed hydra bites you but does no damage. x2
The ten-headed hydra bites you!
The ten-headed hydra bites you but does no damage.
The ten-headed hydra barely misses you.
The ten-headed hydra bites you but does no damage.
The ten-headed hydra bites you. x2
Unknown command.
A red film seems to cover your vision as you go berserk!
You feel yourself moving faster!
You feel mighty!
The ten-headed hydra bites you but does no damage.
The ten-headed hydra closely misses you.
The ten-headed hydra bites you! The ten-headed hydra barely misses you.
The ten-headed hydra bites you but does no damage. x3
The ten-headed hydra bites you.
The ten-headed hydra closely misses you.
The ten-headed hydra bites you.
You hack one of the ten-headed hydra's heads off!
The nine-headed hydra grows two more!
You slice the 11-headed hydra!!
The 11-headed hydra is heavily wounded.
The 11-headed hydra bites you. The 11-headed hydra barely misses you.
The 11-headed hydra closely misses you.
The 11-headed hydra bites you but does no damage. x2
The 11-headed hydra closely misses you. x2; The 11-headed hydra bites you!
The 11-headed hydra bites you but does no damage. x3
You barely miss the 11-headed hydra.
The 11-headed hydra is heavily wounded.
Unknown command.
You lop one of the 11-headed hydra's heads off!
The ten-headed hydra grows two more!
You puncture the 12-headed hydra!
You blow up the 12-headed hydra!
Trog accepts your kill.
Your Evocations skill increases to level 5!
Unknown command.
You puncture the two-headed ogre!
The two-headed ogre is lightly wounded.
The two-headed ogre hits you with a +0 giant club!!
* * * LOW HITPOINT WARNING * * *
The two-headed ogre hits you with a +0 giant spiked club!
You die...

## #.# .# #.# .# #####'####
.# #........# .# #........#
.############### #........#
...............# #........#
.#############.####........#
## #..@O'....)...# .#
######........# ##
#........# ######'### #..#
######## ####.## ###......#
#..<[# ## #.+......# #'####
.#####.#......### #.......#


You could see a two-headed ogre.

Vanquished Creatures
  A hydra (D:10)
  2 two-headed ogres
  Amaemon (D:8)
  A skeletal warrior (D:9)
  Maurice (D:8)
  An orange demon (D:8)
  Maggie (D:10)
  A kobold demonologist (D:8)
  A hornet (D:9)
  Sigmund (D:6)
  A shadow (D:10)
  4 wraiths (D:9)
  9 yaks
  2 wyverns (D:9)
  2 humans (D:7)
  A basilisk (D:9)
  Menkaure (D:7)
  3 water moccasins (D:9)
  Duvessa (D:6)
  A sky beast (D:7)
  3 black bears
  2 ice beasts (D:6)
  7 orc warriors
  An ogre (D:4)
  6 bullfrogs
  2 kobold brigands
  3 gnoll sergeants
  2 scorpions
  7 wights (D:7)
  Dowan (D:6)
  6 killer bees
  A howler monkey (D:4)
  2 lava snakes (D:7)
  2 bombardier beetles (D:4)
  2 jellies
  A gnoll bouda (D:10)
  8 hounds
  6 orc priests
  Jessica (D:2)
  2 sleepcaps (D:6)
  Terence (D:2)
  5 iguanas
  11 orc wizards
  5 adders
  16 gnolls
  3 white imps
  2 ufetubi (D:5)
  3 dart slugs
  5 ribbon worms
  59 orcs
  11 bats
  10 endoplasms
  8 giant cockroaches
  8 goblins
  10 hobgoblins
  13 kobolds
  4 quokkas
  7 ball pythons
  3 frilled lizards
  6 rats
291 creatures vanquished.

Vanquished Creatures (collateral kills)
  A kobold brigand (D:10)
  4 kobolds (D:10)
5 creatures vanquished.

Grand Total: 296 creatures vanquished

Notes
Turn   | Place    | Note
-------+----------+-------------------------------------------
     0 | D:1      | Doomgape the Gargoyle Berserker began the quest for the
                  | Orb.
     0 | D:1      | Reached XP level 1. HP: 14/14 MP: 1/1
   143 | D:1      | Reached XP level 2. HP: 19/19 MP: 2/2
   582 | D:1      | Reached XP level 3. HP: 24/24 MP: 3/3
   895 | D:1      | Reached ** piety under Trog
  1036 | D:1      | Found a faded altar of an unknown god.
  1218 | D:2      | Reached XP level 4. HP: 30/30 MP: 4/4
  1236 | D:2      | Noticed Jessica
  1241 | D:2      | Reached skill level 4 in Maces & Flails
  1244 | D:2      | Killed Jessica
  1342 | D:2      | Identified a scroll of acquirement
  1342 | D:2      | Acquired a +0 buckler of fire resistance
  1559 | D:2      | Noticed Terence
  1565 | D:2      | Killed Terence
  1566 | D:2      | Reached XP level 5. HP: 34/34 MP: 5/5
  1739 | D:3      | Reached skill level 5 in Fighting
  2649 | D:4      | Reached skill level 5 in Maces & Flails
  2649 | D:4      | Reached XP level 6. HP: 40/40 MP: 6/6
  2820 | D:4      | Reached XP level 7. HP: 46/46 MP: 7/7
  2922 | D:4      | Reached *** piety under Trog
  2923 | D:4      | Reached skill level 6 in Maces & Flails
  3539 | D:5      | Entered Level 5 of the Dungeon
  3805 | D:5      | Found a hazy altar of Hepliaklqana.
  3810 | D:5      | Found a bloodstained altar of Trog.
  3947 | D:5      | Reached XP level 8. HP: 45/53 MP: 8/8
  3956 | D:5      | Reached skill level 7 in Maces & Flails
  4018 | D:5      | Found a staircase to the Ecumenical Temple.
  4031 | Temple   | Entered the Ecumenical Temple
  4428 | D:6      | Reached **** piety under Trog
  4445 | D:6      | Reached skill level 8 in Maces & Flails
  4448 | D:6      | Noticed Duvessa
  4449 | D:6      | Noticed Dowan
  4463 | D:6      | Killed Duvessa
  4473 | D:6      | Killed Dowan
  4519 | D:6      | Reached XP level 9. HP: 52/60 MP: 9/9
  4719 | D:6      | Noticed Sigmund
  4754 | D:6      | Killed Sigmund
  4765 | D:6      | Found a sparkling altar of Nemelex Xobeh.
  4769 | D:6      | Found a blossoming altar of Fedhas.
  4770 | D:6      | Found Canwo Afigg's Magic Scroll Shoppe.
  4770 | D:6      | Found a glowing golden altar of the Shining One.
  4771 | D:6      | Found an opulent altar of Gozag.
  4798 | D:6      | Bought a scroll of identify for 30 gold pieces
  4798 | D:6      | Bought a scroll of identify for 30 gold pieces
  4993 | D:7      | Found an iron altar of Okawaru.
  5016 | D:7      | Reached skill level 9 in Maces & Flails
  5040 | D:7      | Reached skill level 5 in Armour
  5639 | D:7      | Noticed Prykner's ghost (novice MfGl)
  5649 | D:7      | Found a transporter.
  5665 | D:7      | Found a transporter.
  5813 | D:7      | Noticed Menkaure
  5828 | D:7      | Killed Menkaure
  5829 | D:7      | Reached skill level 10 in Maces & Flails
  5846 | D:7      | Reached XP level 10. HP: 65/65 MP: 10/10
  6621 | D:8      | Noticed Maurice
  6637 | D:8      | Something stole 311 gold
  6643 | D:8      | Something stole 2 throwing nets
  6787 | D:8      | Noticed a kobold demonologist
  6791 | D:8      | Killed a kobold demonologist
  6880 | D:7      | Reached skill level 11 in Maces & Flails
  6936 | D:8      | Reached skill level 1 in Shields
  6945 | D:8      | Maurice stole a ring of ice
  6949 | D:8      | Maurice stole a flux talisman
  6955 | D:8      | Something stole a throwing net
  6955 | D:8      | Something stole 18 gold
  6969 | D:8      | Killed Maurice
  7068 | D:8      | Noticed an orange demon
  7070 | D:8      | Noticed Amaemon
  7089 | D:8      | Killed Amaemon
  7091 | D:8      | Killed an orange demon
  7444 | D:9      | Reached skill level 10 in Armour
  7454 | D:9      | Reached XP level 11. HP: 68/69 MP: 11/11
  7473 | D:9      | Noticed a skeletal warrior
  7473 | D:9      | Found the +5 scythe "Finisher" {speed, execute}
  7490 | D:9      | Killed a skeletal warrior
  7491 | D:9      | Reached skill level 5 in Shields
  7748 | D:9      | Reached skill level 1 in Evocations
  7825 | D:9      | Reached skill level 1 in Polearms
  8051 | D:9      | Found a staircase to the Lair.
  8154 | D:9      | Noticed a two-headed ogre
  8157 | D:9      | Killed a two-headed ogre
  8534 | D:10     | Entered Level 10 of the Dungeon
  8534 | D:10     | Noticed Maggie
  8536 | D:10     | Killed Maggie
  8699 | D:10     | Found a sacrificial altar of Ru.
  8888 | D:10     | Reached ***** piety under Trog
  8922 | D:10     | Noticed a two-headed ogre
  8930 | D:10     | Killed a two-headed ogre
  8975 | D:10     | Noticed a six-headed hydra
  9318 | D:10     | Noticed a two-headed ogre
  9336 | D:10     | Killed a 12-headed hydra
  9337 | D:10     | Reached skill level 5 in Evocations
  9337 | D:10     | Slain by a two-headed ogre

Illustrated notes

Levels and vault maps discovered:
D:1:      spicycebolla_green_bress_n_ham, layout_loops_corners,
          ebering_ecumenical_altar_webs, hangedman_abyss_or_decor_stabs,
          serial_bayou_pond_b, dreamdust_wishing_well, minmay_misc_feat_rows
D:2:      layout_basic, uniq_terence, uniq_jessica
D:3:      layout_loops_ring
D:4:      minmay_angry_zag, layout_basic, gup_sewer_entry_spiral,
          chequers_serial_rivers_micro_c
D:5:      layout_rooms, jmf_multi_god_temple2, minmay_temple_entry_mist
D:6:      layout_rooms, mainiacjoe_overflow_alcove_3, serial_shops,
          nicolae_shop_getting_attention, uniq_sigmund, uniq_duvessa
D:7:      layout_loops_cross, okawaru_humans, gammafunk_ghost_stat_death,
          kennysheep_boxes, uniq_menkaure
D:8:      layout_rooms, special_room [special_room_orc], grunt_decor_cap,
          chequers_decorated_corner, uniq_maurice, uniq_amaemon
D:9:      minmay_general_purpose_star, layout_irregular_city,
          minmay_lair_entry_grove, minmay_guarded_unrand_finisher
D:10:     layout_roguey, nicolae_ru_great_annihilating_truth,
          minmay_fractal_squares_diagonal_5, uniq_maggie
Temple:   nicolae_temple_ecumenical_triangle

Skill      XL: |  1  2  3  4  5  6  7  8  9 10 11 |
---------------+----------------------------------+-----
Fighting       | 4 5 6 7 8 |  8.8
Maces & Flails | 4 5 6 8 10 11 | 11.0
Armour         | 3 7 10 | 10.5
Shields        | 4 5 |  5.7
Evocations     | 5 |  5.2
Polearms       | 4 |  4.7
Dodging        | |  1.6

Action                     |  1- 3 |  4- 6 |  7- 9 | 10-12 || total
---------------------------+-------+-------+-------+-------++-------
  Melee: Mace              |   121 |   164 |   474 |   320 ||  1079
         Punch             |     2 |       |       |       ||     2
         Scythe            |       |       |       |   196 ||   196
 Invoke: Berserk           |       |     4 |     5 |     7 ||    16
         Trog's Hand       |       |       |     7 |    10 ||    17
  Evoke: Wand              |       |       |       |     2 ||     2
    Use: Scroll            |     1 |     6 |     8 |    10 ||    25
         Potion            |       |       |       |     1 ||     1
 Armour: Animal skin       |    89 |    10 |       |       ||    99
         Leather armour    |       |     5 |       |       ||     5
         Chain mail        |       |    98 |   425 |    14 ||   537
         Plate armour      |       |       |       |   640 ||   640
  Dodge: Dodged            |    94 |    44 |   190 |   217 ||   545
  Block: Buckler           |       |    23 |    86 |    92 ||   201
